 Dungeon Crawl Stone Soup version 0.18-a0-1179-g120c792 (webtiles) character file.

180 RedPan the Conjurer (level 5, -1/46 HPs)
             Began as an Octopode Wizard on Jan 27, 2016.
             Slain by a wyvern zombie (8 damage)
             ... on level 4 of the Dungeon.
             The game lasted 00:13:36 (3566 turns).

RedPan the Conjurer (Octopode Wizard)               Turns: 3566, Time: 00:13:36

Health: -1/46      AC: 22    Str:  6    XL:     5   Next: 60%
Magic:  6/9        EV:  2    Int: 22    God:
Gold:   154        SH:  0    Dex: 10    Spells: 2 memorised, 6 levels left

rFire  . . .     SeeInvis .     v - +1 dagger (venom)
rCold  . . .     Gourm    .     (no shield)
rNeg   + + +     Faith    .     (helmet currently unavailable)
rPois  +         Spirit   .     (no amulet)
rElec  .         Dismiss  .     l - ring of protection from magic (curse)
rCorr  .         Reflect  .     (no ring)
SustAt .         Harm     .     (no ring)
MR     +....     NoTele   +     (no ring)
Stlth  +++.......               (no ring)
                                (no ring)
                                (no ring)
                                (no ring)

@: tree-form, very slightly contaminated, hasted, very quick, somewhat resistant
to hostile enchantments, fairly stealthy
A: almost no armour, amphibious, 8 rings, (constrict 8), (camouflage 0),
(gelatinous body 0)
a: no special abilities


You were on level 4 of the Dungeon.
You were not hungry.
You were a tree.
You visited 1 branch of the dungeon, and saw 4 of its levels.

You collected 154 gold pieces.

Inventory:

Hand Weapons
 v - a +1 dagger of venom (weapon)
Armour
 a - a +0 hat (melded)
 s - a +0 buckler
Jewellery
 l - a cursed ring of protection from magic (left branch)
Scrolls
 d - a scroll of amnesia
 i - a scroll of remove curse
 k - a scroll of enchant armour {unknown}
 n - 4 scrolls of identify
 q - a scroll of fog {unknown}
 w - a scroll of enchant weapon
 x - a scroll of immolation {unknown}
 y - a scroll of random uselessness {unknown}
Potions
 e - a potion of mutation {unknown}
 f - a potion of flight
 g - a potion of invisibility
 h - a potion of magic {unknown}
 m - a potion of cancellation
 r - a potion of haste
 t - a potion of curing
 u - a potion of heal wounds {unknown}
Books
 b - a book of Minor Magic

   Spells                             Type                      Level
   a - Magic Dart                     Conjuration                  1
   b - Blink                          Translocation                2
   c - Call Imp                       Summoning                    2
   d - Repel Missiles                 Charms/Air                   2
   e - Slow                           Hexes                        2
   f - Conjure Flame                  Conjuration/Fire             3
   g - Mephitic Cloud                 Conjuration/Poison/Air       3
Comestibles
 c - 7 bread rations


   Skills:
 - Level 2.0 Dodging
 - Level 2.6 Stealth
 - Level 3.0 Spellcasting
 * Level 4.6 Conjurations
   Level 1.0 Summonings
   Level 1.0 Translocations
 + Level 2.7 Poison Magic


You had 6 spell levels left.
You knew the following spells:

 Your Spells              Type           Power        Failure   Level  Hunger
a - Magic Dart            Conj           ###.         1%          1    None
b - Mephitic Cloud        Conj/Pois/Air  ##......     14%         3    ###....


Dungeon Overview and Level Annotations

Branches:
Dungeon (4/15)
 Temple: D:4-7

Altars:
Nemelex Xobeh


Innate Abilities, Weirdness & Mutations

You cannot wear most types of armour.
You are amphibious.
You can wear up to eight rings at the same time.
((You can use your tentacles to constrict eight enemies at once.))
((Your skin changes colour to match your surroundings (Stealth).))
((Your rubbery body absorbs attacks (AC +1).))


Message History

You hit the wyvern zombie but do no damage.
The wyvern zombie bites you but does no damage.
You hit the wyvern zombie. The wyvern zombie barely misses you.
The wyvern zombie bites you but does no damage.
Drink which item? (? for menu, Esc to quit)
You feel better. The wyvern zombie barely misses you.
Drink which item? (? for menu, Esc to quit)
You feel yourself speed up. The wyvern zombie bites you.
* * * LOW HITPOINT WARNING * * *
You are very lightly contaminated with residual magic.
You hit the wyvern zombie. The wyvern zombie bites you.
* * * LOW HITPOINT WARNING * * *
You hit the wyvern zombie.
The wyvern zombie bites you but does no damage.
You hit the wyvern zombie but do no damage.
The wyvern zombie bites you but does no damage.
You hit the wyvern zombie.
The wyvern zombie bites you but does no damage.
You hit the wyvern zombie. The wyvern zombie bites you!
You die...

##...#
####...#
#..##[.#
##..##..#
#....##.#
#....##.#
.....#.#
#..#.#
#Z♣.# #
##.## #.#
./# ....
####


You could see a wyvern zombie.

Vanquished Creatures
  An iguana (D:4)
  An orc wizard (D:3)
  4 adders
  2 oozes
  An adder skeleton (D:4)
  3 worms
  2 giant geckos
  2 orcs (D:3)
  8 bats
  6 giant cockroaches
  8 goblins
  5 hobgoblins
  9 jackals
  A quokka (D:2)
  A ball python (D:1)
  6 giant newts
  3 kobolds
  6 rats
69 creatures vanquished.

Notes
Turn   | Place    | Note
--------------------------------------------------------------
     0 | D:1      | RedPan the Octopode Wizard began the quest for the Orb.
     0 | D:1      | Reached XP level 1. HP: 11/11 MP: 4/4
    96 | D:1      | Reached XP level 2. HP: 17/17 MP: 0/6
   566 | D:2      | Reached XP level 3. HP: 21/21 MP: 0/7
   734 | D:2      | Learned a level 3 spell: Mephitic Cloud
  1014 | D:2      | HP: 1/21 [worm (9)]
  1663 | D:2      | Reached XP level 4. HP: 27/27 MP: 1/8
  1866 | D:3      | Reached skill level 1 in Poison Magic
  2241 | D:3      | Reached skill level 4 in Conjurations
  2754 | D:3      | Reached XP level 5. HP: 31/31 MP: 9/9
  3477 | D:4      | Found a sparkling altar of Nemelex Xobeh.
  3557 | D:4      | HP: 2/46 [wyvern zombie (4)]
  3566 | D:4      | Slain by a wyvern zombie

Vault maps used:
D:1:      mrwooster_arrival_arrow
D:3:      minmay_misc_feat_secret_circle, minmay_misc_feat_columns
D:4:      lemuel_crystal_altar, makhleb_grotto_becter,
          overflow_temple_1_default, first_bread, serial_shops, shop,
          minmay_misc_feat_x, ashenzari_altar_1

Action                   |  1- 3 |  4- 6 || total
-------------------------+-------+-------++-------
Melee: Unarmed           |     1 |       ||     1
       Dagger            |    18 |    44 ||    62
       Club              |     3 |       ||     3
 Cast: Magic Dart        |    77 |    76 ||   153
  Use: Scroll            |     2 |     4 ||     6
       Potion            |       |     7 ||     7
 Stab: Sleeping          |     1 |     2 ||     3
  Eat: Meat ration       |     1 |     1 ||     2
       Chunk             |       |     1 ||     1
